 Dungeon Crawl Stone Soup version 0.27-a0-1200-g94dc6ad4cf (webtiles) character file.

Game seed: 8601669756062850540

116 funkygono the Firebug (level 4, -1/24 HPs)
             Began as a Deep Elf Fire Elementalist on May 31, 2021.
             Slain by Ijyb
             ... wielding a +7 club
              (7 damage)
             ... on level 2 of the Dungeon.
             The game lasted 00:04:12 (1748 turns).

funkygono the Firebug (Deep Elf Fire Elementalist)  Turns: 1748, Time: 00:04:13

Health: -1/24      AC:  5    Str:  5    XL:     4   Next: 69%
Magic:  1/12       EV: 13    Int: 21    God:
Gold:   1142       SH:  0    Dex: 21    Spells: 4/11 levels left

rFire    + . .     SeeInvis .   c - +0 dagger
rCold    + . .     Faith    .   (no shield)
rNeg     . . .     Spirit   .   i - +2 robe {rC+ rF+}
rPois    .         Reflect  .   (no helmet)
rElec    .         Harm     .   (no cloak)
rCorr    .         Rampage  .   e - +0 pair of gloves
Will     .....                  (no boots)
Stlth    ++........             (no amulet)
HPRegen  0.08/turn              k - +6 ring of dexterity
MPRegen  0.13/turn              (no ring)

@: very slightly contaminated
A: no striking features
a: no special abilities


You were on level 2 of the Dungeon.
You visited 1 branch of the dungeon, and saw 2 of its levels.

You collected 1142 gold pieces.

Inventory:

Hand Weapons
 c - a +0 dagger (weapon)
 n - a +0 whip of holy wrath
Missiles
 j - 47 stones
Armour
 e - a +0 pair of gloves (worn)
 i - a +2 robe of resistance (worn)
Jewellery
 k - a +6 ring of dexterity (left hand)
Wands
 h - a wand of polymorph (12)
Scrolls
 a - a scroll of noise {unknown}
 b - a scroll of teleportation {unknown}
 g - 2 scrolls of identify {unknown}
Potions
 d - a potion of flight {unknown}
 f - a potion of heal wounds {unknown}
 l - 3 potions of curing
 m - 2 potions of haste {unknown}


   Skills:
 + Level 2.5 Dodging
 - Level 2.4 Stealth
 * Level 4.4 Spellcasting
 * Level 2.6 Conjurations
 * Level 4.6 Fire Magic


You had 4 spell levels left.
You knew the following spells:

 Your Spells              Type           Power      Damage    Failure   Level
a - Foxfire               Conj/Fire      76%        2x1d7     2%          1
b - Conjure Flame         Conj/Fire      19%        6-21      8%          3
c - Inner Flame           Hex/Fire       14%        N/A       13%         3

Your spell library contained the following spells:

 Spells                   Type           Power      Damage    Failure   Level
 Sticky Flame             Conj/Fire      19%        2d4       26%         4
 Fireball                 Conj/Fire      9%         3d6       56%         5


Dungeon Overview and Level Annotations

Branches:
Dungeon (2/15)

Altars:

Shops:
D:2 *

Annotations:
D:2 Ijyb


Message History

The foxfire hits Ijyb but does no damage.
Ijyb is heavily wounded.
The foxfire hits Ijyb but does no damage.
Ijyb is heavily wounded.
Casting: Foxfire (safe; 2% risk of failure)
Confirm with . or Enter, or press ? or * to list all spells.
You conjure some foxfire!
Casting: Foxfire (safe; 2% risk of failure)
Confirm with . or Enter, or press ? or * to list all spells.
You don't know that spell.
Sorry, you're not good enough to have a special ability.
Casting: Foxfire (safe; 2% risk of failure)
Confirm with . or Enter, or press ? or * to list all spells.
You conjure some foxfire!
The foxfire hits Ijyb but does no damage.
Ijyb is heavily wounded.
The foxfire hits Ijyb but does no damage.
Ijyb is heavily wounded.
You hit Ijyb but do no damage.
Ijyb is heavily wounded.
The foxfire hits Ijyb but does no damage.
Ijyb is heavily wounded.
The foxfire hits Ijyb!
Ijyb is severely wounded.
You barely miss Ijyb.
Ijyb is severely wounded.
Ijyb drinks a potion.
Ijyb is healed!
You hit Ijyb but do no damage.
Ijyb is heavily wounded.
Ijyb closely misses you.
You hit Ijyb but do no damage.
Ijyb is heavily wounded.
Ijyb hits you with a +7 club!
* * * LOW HITPOINT WARNING * * *
Casting: Foxfire (safe; 2% risk of failure)
Confirm with . or Enter, or press ? or * to list all spells.
You miscast Foxfire.
You are very lightly contaminated with residual magic.
Nothing appears to happen.
Ijyb hits you with a +7 club!
You die...

...†...# #.#
#####..########.#
#####...........#
......##.####.###
..###.##.# #.#### ..#
#.##.# #....# ..# #.##.#
####.#
..###.##.#######.########
###.............@†.......
#.#.##.#######g########
###..#.#.# #.# ....###..#
#.# ####.#.#.# #.#######
#..##.# #.......# ##'##.#
#......... ####...###
#8.....8## .##...).##
#.......#


You could see Ijyb.

Vanquished Creatures
  Jessica (D:2)
  4 gnolls
  2 dart slugs
  4 ball pythons
  6 bats
  An endoplasm (D:1)
  2 giant cockroaches
  11 goblins
  A hobgoblin (D:1)
  3 jackals (D:1)
  A kobold (D:2)
  3 quokkas (D:1)
  3 frilled lizards
  4 rats (D:1)
46 creatures vanquished.

Vanquished Creatures (others)
  155 foxfires
155 creatures vanquished.

Grand Total: 201 creatures vanquished

Notes
Turn   | Place    | Note
-------+----------+-------------------------------------------
     0 | D:1      | funkygono the Deep Elf Fire Elementalist began the quest
                  | for the Orb.
     0 | D:1      | Reached XP level 1. HP: 10/10 MP: 6/6
   143 | D:1      | Reached XP level 2. HP: 15/15 MP: 4/8
   294 | D:1      | Found a faded altar of an unknown god.
   415 | D:1      | Reached XP level 3. HP: 19/19 MP: 8/10
  1079 | D:1      | Learned a level 3 spell: Conjure Flame
  1083 | D:1      | Learned a level 3 spell: Inner Flame
  1085 | D:1      | Identified a scroll of acquirement
  1085 | D:1      | Acquired 991 gold pieces
  1246 | D:2      | Noticed Jessica
  1252 | D:2      | Killed Jessica
  1253 | D:2      | Reached XP level 4. HP: 24/24 MP: 4/12
  1428 | D:2      | Found Lozol's Assorted Antiques.
  1726 | D:2      | Noticed Ijyb
  1748 | D:2      | Slain by Ijyb

Illustrated notes

Levels and vault maps discovered:
D:1:      minmay_arrival_split_and_join, layout_basic,
          hellmonk_ecumenical_altar_lost_god, minmay_misc_feat_nine_boxes
D:2:      kennysheep_the_goblin_king, layout_loops_ring, serial_shops,
          shop_coins, dk_noncrumbling_3, minivault_24, uniq_jessica

Skill      XL: |  1  2  3 |
---------------+----------+-----
Fire Magic     | 4 |  4.6
Conjurations   | 2 |  2.6
Spellcasting   | 4 |  4.4
Dodging        | |  2.5
Stealth        | |  2.4

Action                   |  1- 3 |  4- 6 || total
-------------------------+-------+-------++-------
Melee: Dagger            |     1 |     6 ||     7
 Cast: Foxfire           |    59 |    28 ||    87
       Conjure Flame     |       |     1 ||     1
  Use: Scroll            |     3 |       ||     3
Armor: Robe              |     1 |       ||     1
Dodge: Dodged            |     7 |     2 ||     9

Table legend: (Time is in decaauts)
 A = Elapsed time spent in this place.
 B = Non-inter-level travel time spent in this place.
 C = Inter-level travel time spent in this place.
 D = Time resting spent in this place.
 E = Time spent auto-exploring this place.
 F = Levels seen in this place.
 G = Mean time per level.
                   A        B        C        D        E       F      G
               +--------+--------+--------+--------+--------+-----+--------+
         Total |   1746 |   1728 |     18 |      0 |   1432 |   2 |  873.0 |
       Dungeon |   1746 |   1728 |     18 |      0 |   1432 |   2 |  873.0 |
               +--------+--------+--------+--------+--------+-----+--------+

Top non-repeatable levels by time:
     D:1: 1106 daAuts
     D:2: 640 daAuts
